 Dungeon Crawl Stone Soup version 0.18.1-47-g9310371 (webtiles) character file.

72477 Ery the Severer (level 15, -1/143 HPs)
             Began as a Minotaur Berserker on June 17, 2016.
             Was the Champion of Trog.
             Slain by a catoblepas (10 damage)
             ... on level 8 of the Lair of Beasts on June 18, 2016.
             The game lasted 01:51:04 (25802 turns).

Ery the Severer (Minotaur Berserker)               Turns: 25802, Time: 01:51:04

Health: -1/143     AC: 28    Str: 27    XL:     15   Next: 1%
Magic:  0/12       EV:  2    Int:  6    God:    Trog [******]
Gold:   1304       SH:  0    Dex: 17    Spells: 0 memorised, 14 levels left

rFire  . . .     SeeInvis .     P - +11 battleaxe "Gifaiman" {freeze, rPois Str+4 Int+2}
rCold  . . .     Gourm    .     g - +0 plate armour
rNeg   + + +     Faith    .     (shield currently unavailable)
rPois  ∞         Spirit   +     r - +2 hat {Spirit}
rElec  .         Dismiss  .     C - +0 cloak
rCorr  .         Reflect  .     M - +0 pair of gloves
SustAt .         Harm     +     W - +0 pair of boots
MR     ++...     Rnd*Rage +     O - amulet of harm
Stlth  ..........               m - ring of poison resistance
                                l - ring of protection from magic

@: exhausted, petrified, slowed, very resistant to hostile enchantments,
extremely unstealthy
A: retaliatory headbutt, horns 2, molten scales 2, rugged brown scales 1, agile
1, berserk 1, low mp 1, sense surroundings 1
a: Berserk, Trog's Hand, Brothers in Arms, Burn Spellbooks, Renounce Religion


You were on level 8 of the Lair of Beasts.
You worshipped Trog.
Trog was exalted by your worship.
You were not hungry.

You visited 2 branches of the dungeon, and saw 21 of its levels.

You collected 1516 gold pieces.
You spent 212 gold pieces at shops.

Inventory:

Hand Weapons
 E - the +8 frozen axe "Frostbite" {freezing cloud, *Noise +Fly rC+}
   (Trog gifted it to you on level 4 of the Lair of Beasts)

   It has been specially enchanted to freeze those struck by it, causing extra
   injury to most foes and up to half again as much damage against particularly
   susceptible opponents.
   It can also slow down cold-blooded creatures.
   It protects you from cold.
   It lets you fly.
   It may make noises in combat.
 P - the +11 battleaxe "Gifaiman" (weapon) {freeze, rPois Str+4 Int+2}
   (Trog gifted it to you on level 7 of the Lair of Beasts)

   It has been specially enchanted to freeze those struck by it, causing extra
   injury to most foes and up to half again as much damage against particularly
   susceptible opponents.
   It can also slow down cold-blooded creatures.
   It affects your strength (+4).
   It affects your intelligence (+2).
   It protects you from poison.
Armour
 g - a +0 plate armour (worn)
 r - a +2 hat of spirit shield (worn)
 C - a +0 cloak (worn)
 M - a +0 pair of gloves (worn)
 W - a +0 pair of boots (worn)
Jewellery
 b - an uncursed amulet of magic regeneration
 k - an uncursed ring of flight
 l - a ring of protection from magic (left hand)
 m - a ring of poison resistance (right hand)
 J - an uncursed ring of see invisible
 O - an amulet of harm (around neck)
 R - an uncursed ring of ice
Wands
 A - a wand of slowing (36/48)
 G - a wand of paralysis (16/24)
Scrolls
 a - a scroll of identify
 d - 3 scrolls of remove curse
 f - 4 scrolls of enchant armour
 i - 8 scrolls of magic mapping
 p - 2 scrolls of blinking
 q - 8 scrolls of fog
 s - 2 scrolls of brand weapon
 v - 2 scrolls of torment {unknown}
 w - a scroll of enchant weapon {unknown}
 x - 5 scrolls of immolation
 y - 7 scrolls of teleportation
 D - 3 scrolls of fear
 F - 3 scrolls of vulnerability {unknown}
 H - 2 scrolls of recharging
 S - 2 scrolls of acquirement
Potions
 e - 4 potions of might
 j - 2 potions of resistance {unknown}
 n - 2 potions of agility
 t - 3 potions of cancellation
 u - 3 potions of haste
 z - 8 potions of curing
 B - a potion of mutation {unknown}
 I - 4 potions of flight
 K - 3 potions of cure mutation {unknown}
 N - a potion of berserk rage {unknown}
 Q - 3 potions of ambrosia
 X - 3 potions of lignification {unknown}
Comestibles
 c - 8 bread rations
 h - 4 beef jerkies
 o - 6 meat rations
 L - 5 fruits


   Skills:
 + Level 14.6 Fighting
 * Level 20.7 Axes
 + Level 15.9 Armour
 + Level 5.7 Dodging
 - Level 1.0 Stealth


You had 14 spell levels left.
You didn't know any spells.

Dungeon Overview and Level Annotations

Branches:
Dungeon (13/15)            Temple (0/1) D:4            Lair (8/8) D:11
  Swamp (0/4) Lair:5        Snake (0/4) Lair:4          Orc (0/2) D:10
  Slime: Lair:6-8    Vaults: D:13-14

Altars:
Cheibriados
Gozag
Kikubaaqudgha
Nemelex Xobeh
Qazlal
Ru
Sif Muna
Zin

Shops:
D:2 *   D:6 :   D:7 :(   D:8 %   D:9 [   D:11 %


Innate Abilities, Weirdness & Mutations

You reflexively headbutt those who attack you in melee.
You have a pair of horns on your head.
You are mostly covered in molten scales (AC +3, EV -1).
You are partially covered in rugged brown scales (AC +1, +3% HP).
You are agile. (Dex +2)
You tend to lose your temper in combat.
Your magical capacity is low (-10% MP).
You passively map a small area around you.


Message History

The death yak gores you!
* * * LOW HITPOINT WARNING * * *
You are engulfed in calcifying dust.
The death yak is engulfed in calcifying dust.
The death yak gores you but does no damage.
The catoblepas barely misses you.
The death yak gores you but does no damage.
You are engulfed in calcifying dust.
The catoblepas gores you but does no damage.
The death yak is engulfed in calcifying dust.
The death yak gores you.
The death yak gores you but does no damage.
You are engulfed in calcifying dust.
The death yak gores you but does no damage.
The death yak is engulfed in calcifying dust.
The catoblepas gores you but does no damage.
The death yak gores you!
* * * LOW HITPOINT WARNING * * *
The catoblepas gores you!!
You die...

###### ##....######
### ##..........P
###.♣##.........†÷.
#.YY....#######....
##@YY.### ,###..
#YY..÷..., , ###
##..÷..... ,#
#.#.....# , 8,
#.##...## *, , #.P
#.... , #.. .÷..


hh. *.8 , , You could see 5 death yaks, a catoblepas and 2 wolves.

Vanquished Creatures
  Azrael (D:12)
  The ghost of Stigweard the Thaumaturge, a journeyman FeCj of Sif Muna (Lair:8)
  Harold (Lair:4)
  7 hydras
  A catoblepas (Lair:4)
  A centaur warrior (D:13)
  Erica (D:10)
  7 death yaks (Lair:7)
  A queen ant (Lair:3)
  2 tengu warriors (D:13)
  A fire crab (Lair:7)
  4 skeletal warriors (D:13)
  3 hill giants
  An oklob plant (Lair:5)
  3 ugly things
  2 griffons
  16 elephants
  4 black mambas
  2 gargoyles
  A torpor snail (Lair:4)
  A centaur skeleton (D:11)
  11 spiny frogs
  2 rime drakes
  13 komodo dragons
  3 polar bears
  2 trolls
  12 blink frogs
  A two-headed ogre (D:11)
  4 slime creatures (D:13)
  A boulder beetle (Lair:8)
  Prince Ribbit (Lair:3)
  Sigmund (D:4)
  A fire elemental (D:12)
  2 wyverns
  A vampire (D:13)
  5 wraiths
  Grum (Lair:1)
  49 yaks
  8 hungry ghosts
  2 basilisks
  18 hippogriffs
  A steam dragon (D:11)
  A naga (Lair:4)
  2 wargs (Lair:3)
  13 water moccasins
  A hell hound (D:12)
  A mottled dragon (D:11)
  21 soldier ants
  4 porcupines
  A swamp drake (Lair:7)
  2 eyes of draining (D:13)
  A phantom (D:5)
  5 sky beasts
  A black bear (D:6)
  3 ice beasts
  A wasp (D:9)
  5 ogres
  A necrophage (D:11)
  22 wolves
  7 centaurs
  17 crocodiles
  4 big kobolds (D:10)
  An elf zombie (D:11)
  24 giant frogs
  A gnoll sergeant (D:12)
  5 scorpions
  14 killer bees
  4 wights
  3 electric eels
  3 howler monkeys
  3 crimson imps
  5 jellies
  A quasit (D:12)
  A giant frog zombie (D:8)
  13 hounds
  4 human zombies (D:11)
  2 centaur zombies (D:7)
  9 orc wizards
  A giant frog skeleton (D:6)
  2 orc priests (D:7)
  A human skeleton (D:11)
  18 iguanas
  28 worker ants
  2 killer bee zombies
  6 sheep
  2 hound zombies
  2 hound skeletons
  A mummy (D:11)
  2 howler monkey zombies (D:10)
  A worker ant zombie (D:9)
  12 adders
  13 gnolls
  95 river rats
  3 shadow imps
  2 oozes (D:3)
  An adder skeleton (D:3)
  2 worms (D:4)
  A dart slug (D:5)
  7 giant geckos
  27 orcs
  7 bats
  5 giant cockroaches
  4 hobgoblins
  2 jackals (D:6)
  5 quokkas
  5 ball pythons
  A giant gecko skeleton (D:4)
  3 giant newts
  7 goblins
  12 kobolds
  A quokka zombie (D:9)
  5 rats
  A butterfly (D:4)
  5 fungi
  7 plants
705 creatures vanquished.

Vanquished Creatures (collateral kills)
  Erolcha (D:10)
  An unseen horror (D:10)
  A two-headed ogre (D:10)
  A fire elemental (D:12)
  A hell hound (D:12)
  A big kobold (D:10)
  2 kobolds (D:10)
8 creatures vanquished.

Vanquished Creatures (others)
  5 fungi
  6 plants
11 creatures vanquished.

Grand Total: 724 creatures vanquished

Notes
Turn   | Place    | Note
--------------------------------------------------------------
     0 | D:1      | Ery the Minotaur Berserker began the quest for the Orb.
     0 | D:1      | Reached XP level 1. HP: 19/19 MP: 0/0
   216 | D:1      | Reached XP level 2. HP: 27/27 MP: 1/1
   357 | D:1      | Reached skill level 4 in Axes
  1055 | D:2      | Reached XP level 3. HP: 31/33 MP: 2/2
  1084 | D:2      | Found Zin's Purification Station.
  1089 | D:2      | Found a glowing silver altar of Zin.
  1291 | D:2      | Found an opulent altar of Gozag.
  1525 | D:2      | Reached ** piety under Trog
  1691 | D:2      | Reached skill level 5 in Axes
  1691 | D:2      | Reached XP level 4. HP: 39/40 MP: 3/3
  2088 | D:3      | Noticed a sky beast
  2099 | D:3      | Killed a sky beast
  2099 | D:3      | Reached skill level 5 in Fighting
  2099 | D:3      | Reached XP level 5. HP: 20/48 MP: 4/4
  2887 | D:3      | Reached *** piety under Trog
  2971 | D:4      | Reached XP level 6. HP: 54/56 MP: 5/5
  3035 | D:4      | Noticed Sigmund
  3051 | D:4      | Killed Sigmund
  3051 | D:4      | Reached skill level 6 in Axes
  3051 | D:4      | Reached skill level 5 in Armour
  3227 | D:4      | Reached XP level 7. HP: 49/61 MP: 6/6
  3341 | D:4      | Found a staircase to the Ecumenical Temple.
  3569 | D:4      | Found a stormy altar of Qazlal.
  3696 | D:5      | Entered Level 5 of the Dungeon
  4148 | D:5      | Found a snail-covered altar of Cheibriados.
  4487 | D:5      | Reached skill level 7 in Axes
  4487 | D:5      | Reached XP level 8. HP: 70/70 MP: 7/7
  4857 | D:6      | Gained mutation: You are partially covered in molten scales (AC +1). [mutagenic meat]
  4858 | D:6      | Gained mutation: You are mostly covered in molten scales (AC +3, EV -1). [mutagenic meat]
  4859 | D:6      | Gained mutation: You passively map a small area around you. [mutagenic meat]
  4860 | D:6      | Gained mutation: You are agile. (Dex +2) [mutagenic meat]
  4861 | D:6      | Gained mutation: You tend to lose your temper in combat. [mutagenic meat]
  4986 | D:6      | Found Siteed's Book Emporium.
  5008 | D:6      | Reached skill level 1 in Stealth
  5642 | D:7      | Reached **** piety under Trog
  5642 | D:7      | Reached skill level 8 in Axes
  5660 | D:7      | Found Lutuironoji's Book Shoppe.
  5994 | D:7      | Reached XP level 9. HP: 79/79 MP: 8/8
  6228 | D:7      | Found a sacrificial altar of Ru.
  6237 | D:7      | Found Bainabox's Weapon Shop.
  6542 | D:8      | Reached skill level 10 in Armour
  6618 | D:8      | Gained mutation: You are partially covered in rugged brown scales (AC +1, +3% HP). [mutagenic meat]
  6620 | D:8      | Gained mutation: Your magical capacity is low (-10% MP). [mutagenic meat]
  6636 | D:8      | Found Wuj Ela's Food Shop.
  7193 | D:9      | Reached skill level 9 in Axes
  7484 | D:9      | Reached ***** piety under Trog
  7787 | D:9      | Paralysed by fainting for 9 turns
  7821 | D:9      | Noticed an eight-headed hydra
  7829 | D:9      | Killed an 11-headed hydra
  7829 | D:9      | Reached XP level 10. HP: 93/93 MP: 8/8
  7984 | D:9      | Found a deep blue altar of Sif Muna.
  8043 | D:9      | Found a sparkling altar of Nemelex Xobeh.
  8102 | D:9      | Reached skill level 5 in Dodging
  8103 | D:9      | Reached skill level 10 in Axes
  8389 | D:9      | Found Taaw's Antique Armour Shop.
  8394 | D:9      | Bought a glowing buckler for 112 gold pieces
  8394 | D:9      | Bought a glowing hat for 100 gold pieces
  8432 | D:10     | Entered Level 10 of the Dungeon
  8508 | D:10     | Noticed a gargoyle
  8519 | D:10     | Killed a gargoyle
  9249 | D:11     | Found Peghobum's Food Emporium.
  9457 | D:11     | Reached skill level 11 in Axes
  9461 | D:11     | Reached skill level 10 in Fighting
 10035 | D:10     | Paralysed by fainting for 7 turns
 10104 | D:10     | Reached XP level 11. HP: 103/103 MP: 8/8
 10162 | D:10     | Found a staircase to the Orcish Mines.
 10229 | D:10     | Received a gift from Trog
 10455 | D:10     | Noticed a hill giant
 10467 | D:10     | Killed a hill giant
 10540 | D:10     | Noticed Erolcha
 10546 | D:10     | Killed Erolcha
 10551 | D:10     | Killed an unseen horror
 10609 | D:10     | Noticed a hill giant
 10618 | D:10     | Killed a hill giant
 10970 | D:10     | Noticed Erica
 10982 | D:10     | Killed Erica
 10982 | D:10     | Reached skill level 12 in Axes
 11225 | D:10     | Noticed a three-headed hydra
 11232 | D:10     | Killed a six-headed hydra
 11475 | D:11     | Noticed a white ugly thing
 11482 | D:11     | Killed a white ugly thing
 11492 | D:11     | HP: 3/105 [komodo dragon (16)]
 11957 | D:11     | Found a staircase to the Lair.
 12120 | D:11     | Reached skill level 13 in Axes
 12341 | D:11     | Found an ancient bone altar of Kikubaaqudgha.
 12835 | D:12     | Noticed a hill giant
 12841 | D:12     | Killed a hill giant
 12841 | D:12     | Reached XP level 12. HP: 109/113 MP: 9/9
 13151 | D:12     | Got a warped chain mail
 13162 | D:12     | Identified the cursed +0 chain mail of Fedhas {*Confuse +Inv Int+3} (You found it on level 12 of the Dungeon)
 13190 | D:12     | Noticed Azrael
 13194 | D:12     | Reached skill level 14 in Axes
 13204 | D:12     | Killed Azrael
 14478 | D:13     | Found an ancient bone altar of Kikubaaqudgha.
 14487 | D:13     | Noticed a five-headed hydra
 14494 | D:13     | Killed an eight-headed hydra
 14494 | D:13     | Reached skill level 15 in Axes
 15959 | D:13     | Received a gift from Trog
 16020 | D:13     | Noticed a tengu warrior
 16033 | D:13     | Killed a tengu warrior
 16036 | D:13     | Noticed a tengu warrior
 16050 | D:13     | Killed a tengu warrior
 16050 | D:13     | Reached skill level 15 in Armour
 16063 | D:13     | Noticed a centaur warrior
 16068 | D:13     | Killed a centaur warrior
 16068 | D:13     | Reached skill level 16 in Axes
 16216 | D:13     | Reached XP level 13. HP: 122/122 MP: 7/10
 16431 | Lair:1   | Entered Level 1 of the Lair of Beasts
 16554 | Lair:1   | Noticed Grum
 16562 | Lair:1   | Killed Grum
 18578 | Lair:2   | Reached skill level 17 in Axes
 18863 | Lair:2   | Identified 2 scrolls of acquirement
 19027 | Lair:3   | Reached ****** piety under Trog
 19536 | Lair:3   | Received a gift from Trog
 19965 | Lair:3   | Noticed Prince Ribbit
 19976 | Lair:3   | Killed Prince Ribbit
 20736 | Lair:3   | Reached skill level 18 in Axes
 21147 | Lair:4   | Received a gift from Trog
 21562 | Lair:4   | Noticed Harold
 21576 | Lair:4   | Killed Harold
 22001 | Lair:4   | Found a staircase to the Snake Pit.
 22422 | Lair:4   | Reached XP level 14. HP: 123/132 MP: 11/11
 22711 | Lair:5   | Found a staircase to the Swamp.
 23845 | Lair:7   | Reached skill level 19 in Axes
 23851 | Lair:6   | Received a gift from Trog
 24509 | Lair:7   | Received a gift from Trog
 24515 | Lair:7   | Reached skill level 20 in Axes
 24526 | Lair:7   | Got a blackened battleaxe {god gift}
 24527 | Lair:7   | Identified the +11 battleaxe "Gifaiman" {freeze, rPois Str+4 Int+2} (Trog gifted it to you on level 7 of the Lair of Beasts)
 25289 | Lair:8   | Entered Level 8 of the Lair of Beasts
 25496 | Lair:8   | Noticed Stigweard's ghost (journeyman FeCj)
 25506 | Lair:8   | Killed Stigweard's ghost
 25708 | Lair:8   | Reached XP level 15. HP: 139/143 MP: 12/12
 25802 | Lair:8   | Slain by a catoblepas

Skill      XL: |  1  2  3  4  5  6  7  8  9 10 11 12 13 14 |
---------------+-------------------------------------------+-----
Axes           | 4 5 6 7 8 9 11 13 16 18 20 | 20.7
Fighting       | 4 5 6 7 9 10 11 12 13 14 | 14.6
Armour         | 3 4 5 7 9 11 13 14 15 | 15.9
Dodging        | 3 4 5 |  5.7
Stealth        | 1 |  1.0

Action                   |  1- 3 |  4- 6 |  7- 9 | 10-12 | 13-15 || total
-------------------------+-------+-------+-------+-------+-------++-------
Melee: Hand axe          |    64 |   135 |   351 |       |       ||   550
       Headbutt          |     6 |    31 |   100 |   163 |   169 ||   469
       Battleaxe         |       |       |    47 |   611 |   487 ||  1145
       Executioner's axe |       |       |       |       |   220 ||   220
Invok: Berserk           |       |     2 |     5 |    13 |     9 ||    29
       Trog's Hand       |       |       |     1 |     1 |       ||     2
       Brothers in Arms  |       |       |       |     3 |       ||     3
       Burn Spellbooks   |       |       |       |     1 |       ||     1
  Use: Scroll            |       |       |    16 |     3 |    10 ||    29
 Stab: Distracted        |       |       |       |     1 |       ||     1
  Eat: Bread ration      |     1 |     1 |     2 |     1 |       ||     5
       Fruit             |       |     1 |     1 |    17 |     3 ||    22
       Chunk             |       |       |    18 |    12 |    14 ||    44
       Royal jelly       |       |       |     2 |       |     1 ||     3
       Pizza             |       |       |     1 |     5 |       ||     6
       Beef jerky        |       |       |     1 |     1 |     1 ||     3
       Meat ration       |       |       |       |     4 |     6 ||    10
Armor: Animal skin       |     1 |       |       |       |       ||     1
       Plate armour      |    25 |    85 |   308 |   433 |   522 ||  1373
Dodge: Dodged            |    32 |    39 |   144 |   278 |   302 ||   795
